Hurricanes vs MapleLeafs

Created - December 17 2010 at 17:40

Goals
1 2 3 T
Hurricanes 1 1 0 2
MapleLeafs 3 0 3 6
Shots
1 2 3 T
Hurricanes 14 10 12 36
MapleLeafs 15 9 13 37

Period #1

1. MapleLeafs , Patrick Marleau 29 (Dan Hamhuis, Marian Hossa) at 0:15
2. MapleLeafs , Vincent Lecavalier 11 (Drew Doughty, Patrick Marleau) at 3:28
3. MapleLeafs , Patrick Marleau 30 (Marian Hossa, Drew Doughty) at 11:36
4. Hurricanes , Jarome Iginla 17 (Ryan OByrne, Eric Staal) at 15:19

Penalties :
Travis Moen (TOR) for Interference (Minor) at 5:28, Jed Ortmeyer (CAR) for Hooking (Minor) at 12:07

Period #2

5. Hurricanes , Erik Cole 8 (Ryan Wilson) at 19:58

Penalties :
Jamie Benn (CAR) for Hooking (Minor) at 2:20, Ryan Wilson (CAR) for Holding Stick (Minor) at 4:47, Jordin Tootoo (TOR) for Roughing (Minor) at 8:53, Matt Greene (TOR) for Interference (Minor) at 11:32, Ryan OByrne (CAR) for Tripping (Minor) at 15:20

Period #3

6. MapleLeafs , Marian Hossa 17 (Patrick Marleau, Drew Doughty) at 1:31
7. MapleLeafs , Mike Grier 4 (Kyle Cumiskey, Vernon Fiddler) at 9:39
8. MapleLeafs , Sam Gagner 9 (Jason Arnott, Matt Greene) at 18:05

Penalties :
Patrick Marleau (TOR) for Hooking (Minor) at 5:13, Dan Hamhuis (TOR) for Interference (Minor) at 5:22, Keith Tkachuk (TOR) for Tripping (Minor) at 12:54, Keith Tkachuk (TOR) for High sticking (Minor) at 15:43

Goalie Stats

Pascal Leclaire (CAR), 31 saves from 37 shots - (0.838), L, 12-17-4, 60:00 minutes
Ryan Miller (TOR), 34 saves from 36 shots - (0.944), W, 14-14-5, 60:00 minutes

Players Stats

Hurricanes
Player Name              G  A  P  +/- PIM S  H  SB FO    MP 
------------------------------------------------------------
Andy Greene              0  0  0  -1  0   5  0  2  0/0   24 
Brandon Yip              0  0  0   1  0   2  0  0  1/2   14 
Brent Sopel              0  0  0  -3  0   3  1  1  0/0   19 
Derick Brassard          0  0  0  -1  0   0  0  0  7/17  18 
Eric Belanger            0  0  0  -2  0   1  0  0  11/18 9  
Eric Staal               0  1  1  -2  0   4  1  1  16/33 23 
Erik Cole                1  0  1   1  0   4  1  0  2/3   18 
Jamie Benn               0  0  0  -2  2   2  4  0  0/0   20 
Jarome Iginla            1  0  1  -2  0   3  1  0  0/0   22 
Jed Ortmeyer             0  0  0  -1  2   1  1  0  0/1   14 
Jere Lehtinen            0  0  0  -1  0   1  0  0  0/2   17 
Johnny Oduya             0  0  0  -2  0   0  1  2  0/0   21 
Mathieu Roy              0  0  0  -1  0   2  0  0  0/0   19 
Mathieu Schneider        0  0  0   0  0   0  0  0  0/0   0  
Michael Ryder            0  0  0  -2  0   3  0  0  0/0   5  
Mikhail Grabovski        0  0  0  -1  0   3  0  0  8/14  13 
Ryan OByrne              0  1  1  -2  2   0  3  1  0/0   19 
Ryan Wilson              0  1  1   1  2   2  3  2  0/0   18 
MapleLeafs
Player Name              G  A  P  +/- PIM S  H  SB FO    MP 
------------------------------------------------------------
Anton Volchenkov         0  0  0   1  0   2  1  0  0/0   19 
Dan Hamhuis              0  1  1   3  2   0  2  1  0/0   20 
Drew Doughty             0  3  3   3  0   1  1  2  0/0   23 
Jason Arnott             0  1  1   1  0   1  0  0  11/22 15 
Joffrey Lupul            0  0  0   1  0   1  1  0  0/1   12 
Jordin Tootoo            0  0  0   0  2   4  0  1  1/1   13 
Keith Tkachuk            0  0  0   0  4   0  0  0  1/1   16 
Kyle Cumiskey            0  1  1   0  0   0  0  2  0/0   18 
Marian Hossa             1  2  3   3  0   10 0  0  3/9   19 
Matt Greene              0  1  1   1  2   1  1  9  0/0   21 
Mike Grier               1  0  1   0  0   1  0  0  0/0   14 
Mike Modano              0  0  0   0  0   1  0  0  4/11  14 
Patrick Marleau          2  2  4   3  2   6  2  0  0/2   15 
Radek Martinek           0  0  0   0  0   1  1  2  0/0   18 
Sam Gagner               1  0  1   1  0   4  1  0  0/1   12 
Travis Moen              0  0  0   0  2   1  2  1  2/5   10 
Vernon Fiddler           0  1  1   0  0   0  1  0  6/11  12 
Vincent Lecavalier       1  0  1   3  0   3  0  0  17/26 15 

3 Stars

1 - Patrick Marleau (TOR)
2 - Marian Hossa (TOR)
3 - Drew Doughty (TOR)

Power Play

Hurricanes - 0 on 7 Attempt(s) - 0.00%
MapleLeafs - 0 on 4 Attempt(s) - 0.00%

Penalty Kill

Hurricanes - 4 on 4 Attempt(s) - 100.00% - Score 0 goal in Penalty Kill
MapleLeafs - 7 on 7 Attempt(s) - 100.00% - Score 0 goal in Penalty Kill

Game Notes

No Game Note

Finance

Level 1 -- Attendance: 6500 (100.00%) -- Ticket Income $533,000.00
Level 2 -- Attendance: 5000 (100.00%) -- Ticket Income $210,000.00
Level 3 -- Attendance: 3500 (100.00%) -- Ticket Income $101,500.00
Level 4 -- Attendance: 2819 (100.00%) -- Ticket Income $39,466.00
Luxury Box -- Attendance: 947 (94.70%) -- Ticket Income $179,930.00
Game was played at the Air Canada Center
Total Attendance: 18766 (99.72%)
Total Ticket Income: $1,118,268.00
Other Income: $195,577.80
Total Income: $1,313,846.00


Play by Play

Period #1

0:01 of 1st period - Eric Staal wins face-off versus Vincent Lecavalier in neutral zone.
0:15 of 1st period - Shot by Patrick Marleau.
0:15 of 1st period - Goal by Patrick Marleau - Hurricanes : 0 - MapleLeafs : 1.
0:16 of 1st period - Derick Brassard wins face-off versus Jason Arnott in neutral zone.
0:26 of 1st period - Jason Arnott is hit by Ryan Wilson and loses puck.
0:49 of 1st period - Shot by Jason Arnott.
0:49 of 1st period - Shot Blocked by Johnny Oduya.
0:51 of 1st period - Shot by Matt Greene.
0:51 of 1st period - Shot Misses the Net.
0:53 of 1st period - Shot by Matt Greene.
0:53 of 1st period - Stopped by Pascal Leclaire with a rebound.
1:11 of 1st period - Dan Hamhuis is hit by Erik Cole.
1:15 of 1st period - Shot by Drew Doughty.
1:15 of 1st period - Shot Misses the Net.
1:17 of 1st period - Shot by Dan Hamhuis.
1:17 of 1st period - Shot Misses the Net.
1:19 of 1st period - Shot by Marian Hossa.
1:19 of 1st period - Shot Misses the Net.
1:21 of 1st period - Shot by Patrick Marleau.
1:21 of 1st period - Shot Blocked by Ryan Wilson.
1:25 of 1st period - Shot by Marian Hossa.
1:25 of 1st period - Stopped by Pascal Leclaire without a rebound.
1:26 of 1st period - Eric Staal wins face-off versus Mike Modano in Hurricanes zone.
1:36 of 1st period - Eric Staal is hit by Radek Martinek and loses puck.
2:58 of 1st period - Icing by Kyle Cumiskey.
2:59 of 1st period - Mike Modano wins face-off versus Eric Belanger in MapleLeafs zone.
3:28 of 1st period - Shot by Vincent Lecavalier.
3:28 of 1st period - Goal by Vincent Lecavalier - Hurricanes : 0 - MapleLeafs : 2.
3:29 of 1st period - Jason Arnott wins face-off versus Eric Staal in neutral zone.
3:37 of 1st period - Sam Gagner is hit by Ryan OByrne and loses puck.
3:41 of 1st period - Jason Arnott is hit by Ryan OByrne and loses puck.
3:57 of 1st period - Off-side.
3:58 of 1st period - Vincent Lecavalier wins face-off versus Mikhail Grabovski in neutral zone.
4:23 of 1st period - Shot by Patrick Marleau.
4:23 of 1st period - Deflect By Marian Hossa.
4:23 of 1st period - Stopped by Pascal Leclaire with a rebound.
4:27 of 1st period - Shot by Patrick Marleau.
4:27 of 1st period - Deflect By Marian Hossa.
4:27 of 1st period - Stopped by Pascal Leclaire without a rebound.
4:28 of 1st period - Eric Staal wins face-off versus Jason Arnott in Hurricanes zone.
4:35 of 1st period - Shot by Jamie Benn.
4:35 of 1st period - Stopped by Ryan Miller without a rebound.
4:36 of 1st period - Vernon Fiddler wins face-off versus Derick Brassard in MapleLeafs zone.
5:28 of 1st period - Minor Penalty to Travis Moen for Interference.
5:29 of 1st period - Eric Staal wins face-off versus Marian Hossa in MapleLeafs zone.
5:46 of 1st period - Shot by Andy Greene.
5:46 of 1st period - Stopped by Ryan Miller without a rebound.
5:47 of 1st period - Brandon Yip wins face-off versus Marian Hossa in MapleLeafs zone.
7:13 of 1st period - Shot by Erik Cole.
7:13 of 1st period - Shot Misses the Net.
7:17 of 1st period - Shot by Johnny Oduya.
7:17 of 1st period - Deflect By Erik Cole.
7:17 of 1st period - Shot Misses the Net.
7:29 of 1st period - Shot by Jere Lehtinen.
7:29 of 1st period - Shot Misses the Net.
7:35 of 1st period - Shot by Michael Ryder.
7:35 of 1st period - Stopped by Ryan Miller without a rebound.
7:36 of 1st period - Eric Belanger wins face-off versus Vernon Fiddler in MapleLeafs zone.
7:45 of 1st period - Michael Ryder is hit by Travis Moen and loses puck.
8:11 of 1st period - Icing by Kyle Cumiskey.
8:12 of 1st period - Eric Staal wins face-off versus Travis Moen in MapleLeafs zone.
8:25 of 1st period - Shot by Jarome Iginla.
8:25 of 1st period - Shot Blocked by Matt Greene.
8:59 of 1st period - Shot by Jordin Tootoo.
8:59 of 1st period - Stopped by Pascal Leclaire without a rebound.
9:00 of 1st period - Vincent Lecavalier wins face-off versus Mikhail Grabovski in Hurricanes zone.
9:07 of 1st period - Shot by Marian Hossa.
9:07 of 1st period - Shot Blocked by Brent Sopel.
9:11 of 1st period - Shot by Vincent Lecavalier.
9:11 of 1st period - Shot Misses the Net.
9:25 of 1st period - Shot by Vincent Lecavalier.
9:25 of 1st period - Stopped by Pascal Leclaire without a rebound.
9:26 of 1st period - Mike Modano wins face-off versus Derick Brassard in Hurricanes zone.
9:41 of 1st period - Shot by Erik Cole.
9:41 of 1st period - Stopped by Ryan Miller without a rebound.
9:42 of 1st period - Mikhail Grabovski wins face-off versus Sam Gagner in MapleLeafs zone.
9:49 of 1st period - Shot by Mikhail Grabovski.
9:49 of 1st period - Deflect By Jere Lehtinen.
9:49 of 1st period - Shot Blocked by Matt Greene.
9:51 of 1st period - Shot by Brent Sopel.
9:51 of 1st period - Stopped by Ryan Miller without a rebound.
9:52 of 1st period - Jason Arnott wins face-off versus Derick Brassard in MapleLeafs zone.
10:49 of 1st period - Shot by Mikhail Grabovski.
10:49 of 1st period - Shot Misses the Net.
11:06 of 1st period - Shot by Mikhail Grabovski.
11:06 of 1st period - Stopped by Ryan Miller without a rebound.
11:07 of 1st period - Eric Staal wins face-off versus Marian Hossa in MapleLeafs zone.
11:10 of 1st period - Shot by Eric Staal.
11:10 of 1st period - Shot Misses the Net.
11:12 of 1st period - Shot by Jarome Iginla.
11:12 of 1st period - Shot Misses the Net.
11:14 of 1st period - Shot by Jamie Benn.
11:14 of 1st period - Shot Misses the Net.
11:18 of 1st period - Shot by Eric Staal.
11:18 of 1st period - Stopped by Ryan Miller with a rebound.
11:22 of 1st period - Shot by Eric Staal.
11:22 of 1st period - Shot Misses the Net.
11:24 of 1st period - Shot by Andy Greene.
11:24 of 1st period - Stopped by Ryan Miller without a rebound.
11:25 of 1st period - Vincent Lecavalier wins face-off versus Jere Lehtinen in MapleLeafs zone.
11:32 of 1st period - Shot by Patrick Marleau.
11:32 of 1st period - Stopped by Pascal Leclaire with a rebound.
11:34 of 1st period - Shot by Drew Doughty.
11:34 of 1st period - Shot Misses the Net.
11:36 of 1st period - Shot by Marian Hossa.
11:36 of 1st period - Deflect By Patrick Marleau.
11:36 of 1st period - Goal by Patrick Marleau - Hurricanes : 0 - MapleLeafs : 3.
11:37 of 1st period - Eric Staal wins face-off versus Vernon Fiddler in neutral zone.
11:54 of 1st period - Shot by Eric Staal.
11:54 of 1st period - Shot Blocked by Matt Greene.
11:58 of 1st period - Shot by Jarome Iginla.
11:58 of 1st period - Shot Misses the Net.
12:00 of 1st period - Shot by Eric Staal.
12:00 of 1st period - Shot Blocked by Matt Greene.
12:04 of 1st period - Shot by Andy Greene.
12:04 of 1st period - Stopped by Ryan Miller without a rebound.
12:05 of 1st period - Vincent Lecavalier wins face-off versus Mikhail Grabovski in MapleLeafs zone.
12:07 of 1st period - Minor Penalty to Jed Ortmeyer for Hooking.
12:08 of 1st period - Vincent Lecavalier wins face-off versus Eric Belanger in Hurricanes zone.
12:08 of 1st period - Patrick Marleau is hit by Johnny Oduya and loses puck.
12:21 of 1st period - Eric Belanger is hit by Patrick Marleau and loses puck.
12:28 of 1st period - Shot by Patrick Marleau.
12:28 of 1st period - Deflect By Marian Hossa.
12:28 of 1st period - Shot Misses the Net.
12:32 of 1st period - Shot by Patrick Marleau.
12:32 of 1st period - Stopped by Pascal Leclaire without a rebound.
12:33 of 1st period - Jason Arnott wins face-off versus Eric Belanger in Hurricanes zone.
13:01 of 1st period - Mike Grier is hit by Ryan Wilson and loses puck.
13:22 of 1st period - Shot by Patrick Marleau.
13:22 of 1st period - Stopped by Pascal Leclaire without a rebound.
13:23 of 1st period - Eric Staal wins face-off versus Vincent Lecavalier in Hurricanes zone.
13:33 of 1st period - Icing by Patrick Marleau.
13:34 of 1st period - Vincent Lecavalier wins face-off versus Eric Staal in MapleLeafs zone.
15:03 of 1st period - Shot by Jamie Benn.
15:03 of 1st period - Deflect By Eric Staal.
15:03 of 1st period - Shot Misses the Net.
15:05 of 1st period - Shot by Eric Staal.
15:05 of 1st period - Shot Blocked by Matt Greene.
15:07 of 1st period - Shot by Andy Greene.
15:07 of 1st period - Shot Blocked by Kyle Cumiskey.
15:11 of 1st period - Shot by Eric Staal.
15:11 of 1st period - Shot Blocked by Kyle Cumiskey.
15:13 of 1st period - Shot by Andy Greene.
15:13 of 1st period - Shot Misses the Net.
15:15 of 1st period - Shot by Eric Staal.
15:15 of 1st period - Stopped by Ryan Miller with a rebound.
15:19 of 1st period - Shot by Jarome Iginla.
15:19 of 1st period - Goal by Jarome Iginla - Hurricanes : 1 - MapleLeafs : 3.
15:20 of 1st period - Vincent Lecavalier wins face-off versus Derick Brassard in neutral zone.
15:25 of 1st period - Shot by Patrick Marleau.
15:25 of 1st period - Deflect By Marian Hossa.
15:25 of 1st period - Stopped by Pascal Leclaire without a rebound.
15:26 of 1st period - Jason Arnott wins face-off versus Brandon Yip in Hurricanes zone.
15:29 of 1st period - Shot by Sam Gagner.
15:29 of 1st period - Stopped by Pascal Leclaire without a rebound.
15:30 of 1st period - Derick Brassard wins face-off versus Vincent Lecavalier in Hurricanes zone.
16:18 of 1st period - Brandon Yip is hit by Vernon Fiddler and loses puck.
17:11 of 1st period - Radek Martinek is hit by Eric Staal and loses puck.
17:22 of 1st period - Shot by Jarome Iginla.
17:22 of 1st period - Shot Misses the Net.
18:04 of 1st period - Shot by Mikhail Grabovski.
18:04 of 1st period - Shot Misses the Net.
18:06 of 1st period - Shot by Brent Sopel.
18:06 of 1st period - Shot Blocked by Jordin Tootoo.
18:08 of 1st period - Shot by Mathieu Roy.
18:08 of 1st period - Shot Blocked by Drew Doughty.
18:12 of 1st period - Shot by Jed Ortmeyer.
18:12 of 1st period - Stopped by Ryan Miller with a rebound.
18:14 of 1st period - Shot by Brent Sopel.
18:14 of 1st period - Stopped by Ryan Miller without a rebound.
18:15 of 1st period - Eric Belanger wins face-off versus Jason Arnott in MapleLeafs zone.
18:26 of 1st period - Shot by Michael Ryder.
18:26 of 1st period - Stopped by Ryan Miller without a rebound.
18:27 of 1st period - Vernon Fiddler wins face-off versus Eric Staal in MapleLeafs zone.
18:27 of 1st period - Vernon Fiddler is hit by Jarome Iginla.
18:35 of 1st period - Kyle Cumiskey is hit by Jamie Benn and loses puck.
19:15 of 1st period - Shot by Marian Hossa.
19:15 of 1st period - Stopped by Pascal Leclaire without a rebound.
19:16 of 1st period - Jason Arnott wins face-off versus Eric Belanger in Hurricanes zone.

Period #2

0:01 of 2nd period - Vincent Lecavalier wins face-off versus Eric Staal in neutral zone.
0:17 of 2nd period - Shot by Jamie Benn.
0:17 of 2nd period - Stopped by Ryan Miller with a rebound.
0:19 of 2nd period - Shot by Andy Greene.
0:19 of 2nd period - Shot Blocked by Drew Doughty.
0:23 of 2nd period - Shot by Eric Staal.
0:23 of 2nd period - Stopped by Ryan Miller with a rebound.
0:34 of 2nd period - Jamie Benn is hit by Dan Hamhuis and loses puck.
1:17 of 2nd period - Shot by Erik Cole.
1:17 of 2nd period - Stopped by Ryan Miller without a rebound.
1:18 of 2nd period - Mikhail Grabovski wins face-off versus Mike Modano in MapleLeafs zone.
1:43 of 2nd period - Shot by Mikhail Grabovski.
1:43 of 2nd period - Shot Blocked by Radek Martinek.
1:45 of 2nd period - Shot by Brent Sopel.
1:45 of 2nd period - Shot Blocked by Radek Martinek.
2:19 of 2nd period - Shot by Eric Staal.
2:19 of 2nd period - Shot Misses the Net.
2:20 of 2nd period - Minor Penalty to Jamie Benn for Hooking.
2:21 of 2nd period - Vincent Lecavalier wins face-off versus Eric Belanger in Hurricanes zone.
2:48 of 2nd period - Shot by Marian Hossa.
2:48 of 2nd period - Shot Misses the Net.
2:50 of 2nd period - Shot by Dan Hamhuis.
2:50 of 2nd period - Shot Blocked by Ryan Wilson.
2:54 of 2nd period - Shot by Drew Doughty.
2:54 of 2nd period - Shot Misses the Net.
2:56 of 2nd period - Shot by Dan Hamhuis.
2:56 of 2nd period - Shot Misses the Net.
2:58 of 2nd period - Shot by Marian Hossa.
2:58 of 2nd period - Shot Blocked by Johnny Oduya.
3:46 of 2nd period - Shot by Mike Grier.
3:46 of 2nd period - Shot Blocked by Ryan OByrne.
3:48 of 2nd period - Shot by Jason Arnott.
3:48 of 2nd period - Stopped by Pascal Leclaire without a rebound.
3:49 of 2nd period - Eric Belanger wins face-off versus Patrick Marleau in Hurricanes zone.
4:11 of 2nd period - Shot by Vincent Lecavalier.
4:11 of 2nd period - Stopped by Pascal Leclaire with a rebound.
4:15 of 2nd period - Shot by Vincent Lecavalier.
4:15 of 2nd period - Deflect By Patrick Marleau.
4:15 of 2nd period - Shot Misses the Net.
4:17 of 2nd period - Shot by Jordin Tootoo.
4:17 of 2nd period - Stopped by Pascal Leclaire without a rebound.
4:18 of 2nd period - Eric Belanger wins face-off versus Jason Arnott in Hurricanes zone.
4:29 of 2nd period - Shot by Eric Staal.
4:29 of 2nd period - Shot Misses the Net.
4:32 of 2nd period - Icing by Matt Greene.
4:33 of 2nd period - Jason Arnott wins face-off versus Erik Cole in MapleLeafs zone.
4:47 of 2nd period - Minor Penalty to Ryan Wilson for Holding Stick.
4:48 of 2nd period - Eric Belanger wins face-off versus Jason Arnott in Hurricanes zone.
5:47 of 2nd period - Shot by Marian Hossa.
5:47 of 2nd period - Shot Blocked by Andy Greene.
5:49 of 2nd period - Shot by Marian Hossa.
5:49 of 2nd period - Stopped by Pascal Leclaire without a rebound.
5:50 of 2nd period - Eric Staal wins face-off versus Patrick Marleau in Hurricanes zone.
5:50 of 2nd period - Eric Staal is hit by Drew Doughty.
7:41 of 2nd period - Shot by Kyle Cumiskey.
7:41 of 2nd period - Shot Blocked by Andy Greene.
8:38 of 2nd period - Shot by Jere Lehtinen.
8:38 of 2nd period - Shot Blocked by Dan Hamhuis.
8:53 of 2nd period - Minor Penalty to Jordin Tootoo for Roughing.
8:54 of 2nd period - Jason Arnott wins face-off versus Derick Brassard in MapleLeafs zone.
9:13 of 2nd period - Shot by Johnny Oduya.
9:13 of 2nd period - Shot Misses the Net.
9:17 of 2nd period - Shot by Ryan Wilson.
9:17 of 2nd period - Stopped by Ryan Miller without a rebound.
9:18 of 2nd period - Eric Staal wins face-off versus Vernon Fiddler in MapleLeafs zone.
9:33 of 2nd period - Shot by Travis Moen.
9:33 of 2nd period - Stopped by Pascal Leclaire without a rebound.
9:34 of 2nd period - Vernon Fiddler wins face-off versus Derick Brassard in Hurricanes zone.
9:53 of 2nd period - Icing by Ryan Wilson.
9:54 of 2nd period - Derick Brassard wins face-off versus Marian Hossa in Hurricanes zone.
11:01 of 2nd period - Shot by Jordin Tootoo.
11:01 of 2nd period - Deflect By Mike Modano.
11:01 of 2nd period - Stopped by Pascal Leclaire without a rebound.
11:02 of 2nd period - Mikhail Grabovski wins face-off versus Jason Arnott in Hurricanes zone.
11:23 of 2nd period - Shot by Anton Volchenkov.
11:23 of 2nd period - Shot Misses the Net.
11:32 of 2nd period - Minor Penalty to Matt Greene for Interference.
11:33 of 2nd period - Marian Hossa wins face-off versus Eric Staal in MapleLeafs zone.
11:48 of 2nd period - Shot by Andy Greene.
11:48 of 2nd period - Stopped by Ryan Miller without a rebound.
11:49 of 2nd period - Vernon Fiddler wins face-off versus Eric Staal in MapleLeafs zone.
12:40 of 2nd period - Shot by Erik Cole.
12:40 of 2nd period - Shot Misses the Net.
12:44 of 2nd period - Shot by Erik Cole.
12:44 of 2nd period - Stopped by Ryan Miller with a rebound.
12:46 of 2nd period - Shot by Brandon Yip.
12:46 of 2nd period - Shot Misses the Net.
12:48 of 2nd period - Shot by Mathieu Roy.
12:48 of 2nd period - Stopped by Ryan Miller with a rebound.
12:54 of 2nd period - Shot by Mathieu Roy.
12:54 of 2nd period - Shot Hit the Post.
12:56 of 2nd period - Shot by Mathieu Roy.
12:56 of 2nd period - Shot Misses the Net.
13:39 of 2nd period - Shot by Brent Sopel.
13:39 of 2nd period - Stopped by Ryan Miller without a rebound.
13:40 of 2nd period - Mikhail Grabovski wins face-off versus Jason Arnott in MapleLeafs zone.
13:51 of 2nd period - Shot by Mikhail Grabovski.
13:51 of 2nd period - Shot Blocked by Matt Greene.
14:15 of 2nd period - Jed Ortmeyer is hit by Matt Greene and loses puck.
14:34 of 2nd period - Johnny Oduya is hit by Sam Gagner and loses puck.
15:16 of 2nd period - Jordin Tootoo is hit by Ryan OByrne and loses puck.
15:20 of 2nd period - Minor Penalty to Ryan OByrne for Tripping.
15:21 of 2nd period - Vincent Lecavalier wins face-off versus Eric Belanger in Hurricanes zone.
15:24 of 2nd period - Shot by Drew Doughty.
15:24 of 2nd period - Stopped by Pascal Leclaire without a rebound.
15:25 of 2nd period - Vincent Lecavalier wins face-off versus Eric Belanger in Hurricanes zone.
16:33 of 2nd period - Off-side.
16:34 of 2nd period - Erik Cole wins face-off versus Jason Arnott in neutral zone.
16:42 of 2nd period - Icing by Jason Arnott.
16:43 of 2nd period - Erik Cole wins face-off versus Jason Arnott in MapleLeafs zone.
17:31 of 2nd period - Icing by Ryan OByrne.
17:32 of 2nd period - Eric Staal wins face-off versus Mike Modano in Hurricanes zone.
17:39 of 2nd period - Shot by Jordin Tootoo.
17:39 of 2nd period - Stopped by Pascal Leclaire without a rebound.
17:40 of 2nd period - Vincent Lecavalier wins face-off versus Derick Brassard in Hurricanes zone.
17:40 of 2nd period - Drew Doughty is hit by Ryan Wilson.
17:52 of 2nd period - Shot by Brandon Yip.
17:52 of 2nd period - Stopped by Ryan Miller without a rebound.
17:53 of 2nd period - Jordin Tootoo wins face-off versus Mikhail Grabovski in MapleLeafs zone.
17:59 of 2nd period - Radek Martinek is hit by Brent Sopel and loses puck.
18:51 of 2nd period - Shot by Marian Hossa.
18:51 of 2nd period - Stopped by Pascal Leclaire without a rebound.
18:52 of 2nd period - Eric Staal wins face-off versus Vernon Fiddler in Hurricanes zone.
19:09 of 2nd period - Shot by Jarome Iginla.
19:09 of 2nd period - Shot Misses the Net.
19:21 of 2nd period - Shot by Jarome Iginla.
19:21 of 2nd period - Shot Blocked by Travis Moen.
19:58 of 2nd period - Shot by Erik Cole.
19:58 of 2nd period - Goal by Erik Cole - Hurricanes : 2 - MapleLeafs : 3.
19:59 of 2nd period - Derick Brassard wins face-off versus Vincent Lecavalier in neutral zone.
19:59 of 2nd period - Brandon Yip is hit by Patrick Marleau and loses puck.

Period #3

0:01 of 3rd period - Vincent Lecavalier wins face-off versus Eric Staal in neutral zone.
0:20 of 3rd period - Shot by Patrick Marleau.
0:20 of 3rd period - Stopped by Pascal Leclaire without a rebound.
0:21 of 3rd period - Derick Brassard wins face-off versus Jason Arnott in Hurricanes zone.
0:25 of 3rd period - Johnny Oduya is hit by Joffrey Lupul.
0:35 of 3rd period - Shot by Erik Cole.
0:35 of 3rd period - Shot Blocked by Matt Greene.
0:43 of 3rd period - Shot by Sam Gagner.
0:43 of 3rd period - Stopped by Pascal Leclaire with a rebound.
0:45 of 3rd period - Shot by Anton Volchenkov.
0:45 of 3rd period - Shot Misses the Net.
1:31 of 3rd period - Shot by Marian Hossa.
1:31 of 3rd period - Goal by Marian Hossa - Hurricanes : 2 - MapleLeafs : 4.
1:32 of 3rd period - Mike Modano wins face-off versus Jere Lehtinen in neutral zone.
1:43 of 3rd period - Shot by Radek Martinek.
1:43 of 3rd period - Stopped by Pascal Leclaire with a rebound.
1:57 of 3rd period - Shot by Jere Lehtinen.
1:57 of 3rd period - Stopped by Ryan Miller without a rebound.
1:58 of 3rd period - Eric Staal wins face-off versus Vincent Lecavalier in MapleLeafs zone.
2:27 of 3rd period - Icing by Dan Hamhuis.
2:28 of 3rd period - Eric Belanger wins face-off versus Vincent Lecavalier in MapleLeafs zone.
2:45 of 3rd period - Shot by Michael Ryder.
2:45 of 3rd period - Shot Misses the Net.
2:50 of 3rd period - Off-side.
2:51 of 3rd period - Jason Arnott wins face-off versus Mikhail Grabovski in neutral zone.
3:02 of 3rd period - Shot by Sam Gagner.
3:02 of 3rd period - Shot Misses the Net.
3:04 of 3rd period - Shot by Joffrey Lupul.
3:04 of 3rd period - Stopped by Pascal Leclaire without a rebound.
3:05 of 3rd period - Eric Staal wins face-off versus Mike Modano in Hurricanes zone.
4:04 of 3rd period - Off-side.
4:05 of 3rd period - Jason Arnott wins face-off versus Jed Ortmeyer in neutral zone.
5:13 of 3rd period - Minor Penalty to Patrick Marleau for Hooking.
5:14 of 3rd period - Vernon Fiddler wins face-off versus Eric Staal in MapleLeafs zone.
5:22 of 3rd period - Minor Penalty to Dan Hamhuis for Interference.
5:23 of 3rd period - Travis Moen wins face-off versus Eric Staal in MapleLeafs zone.
5:23 of 3rd period - Travis Moen is hit by Jamie Benn.
5:41 of 3rd period - Shot by Andy Greene.
5:41 of 3rd period - Stopped by Ryan Miller without a rebound.
5:42 of 3rd period - Derick Brassard wins face-off versus Travis Moen in MapleLeafs zone.
5:55 of 3rd period - Shot by Erik Cole.
5:55 of 3rd period - Shot Misses the Net.
5:57 of 3rd period - Shot by Ryan Wilson.
5:57 of 3rd period - Stopped by Ryan Miller without a rebound.
5:58 of 3rd period - Travis Moen wins face-off versus Eric Staal in MapleLeafs zone.
6:19 of 3rd period - Shot by Eric Staal.
6:19 of 3rd period - Stopped by Ryan Miller without a rebound.
6:20 of 3rd period - Derick Brassard wins face-off versus Travis Moen in MapleLeafs zone.
6:46 of 3rd period - Shot by Ryan Wilson.
6:46 of 3rd period - Deflect By Erik Cole.
6:46 of 3rd period - Shot Misses the Net.
8:19 of 3rd period - Matt Greene is hit by Jed Ortmeyer and loses puck.
8:59 of 3rd period - Off-side.
9:00 of 3rd period - Vincent Lecavalier wins face-off versus Eric Staal in neutral zone.
9:09 of 3rd period - Shot by Marian Hossa.
9:09 of 3rd period - Stopped by Pascal Leclaire with a rebound.
9:18 of 3rd period - Icing by Johnny Oduya.
9:19 of 3rd period - Eric Staal wins face-off versus Vernon Fiddler in Hurricanes zone.
9:19 of 3rd period - Eric Staal is hit by Travis Moen.
9:25 of 3rd period - Vernon Fiddler is hit by Jamie Benn.
9:39 of 3rd period - Shot by Mike Grier.
9:39 of 3rd period - Goal by Mike Grier - Hurricanes : 2 - MapleLeafs : 5.
9:40 of 3rd period - Eric Belanger wins face-off versus Vincent Lecavalier in neutral zone.
9:43 of 3rd period - Shot by Michael Ryder.
9:43 of 3rd period - Deflect By Eric Belanger.
9:43 of 3rd period - Stopped by Ryan Miller without a rebound.
9:44 of 3rd period - Eric Belanger wins face-off versus Vincent Lecavalier in MapleLeafs zone.
9:59 of 3rd period - Shot by Marian Hossa.
9:59 of 3rd period - Stopped by Pascal Leclaire without a rebound.
10:00 of 3rd period - Keith Tkachuk wins face-off versus Mikhail Grabovski in Hurricanes zone.
10:27 of 3rd period - Shot by Mike Modano.
10:27 of 3rd period - Shot Misses the Net.
10:53 of 3rd period - Shot by Andy Greene.
10:53 of 3rd period - Shot Misses the Net.
10:57 of 3rd period - Shot by Jarome Iginla.
10:57 of 3rd period - Stopped by Ryan Miller without a rebound.
10:58 of 3rd period - Jason Arnott wins face-off versus Derick Brassard in MapleLeafs zone.
12:03 of 3rd period - Shot by Eric Staal.
12:03 of 3rd period - Shot Misses the Net.
12:05 of 3rd period - Shot by Jarome Iginla.
12:05 of 3rd period - Stopped by Ryan Miller without a rebound.
12:06 of 3rd period - Vincent Lecavalier wins face-off versus Eric Staal in MapleLeafs zone.
12:16 of 3rd period - Icing by Ryan OByrne.
12:17 of 3rd period - Mike Modano wins face-off versus Eric Staal in Hurricanes zone.
12:24 of 3rd period - Shot by Jordin Tootoo.
12:24 of 3rd period - Stopped by Pascal Leclaire with a rebound.
12:54 of 3rd period - Minor Penalty to Keith Tkachuk for Tripping.
12:55 of 3rd period - Vernon Fiddler wins face-off versus Derick Brassard in MapleLeafs zone.
14:52 of 3rd period - Shot by Mathieu Roy.
14:52 of 3rd period - Stopped by Ryan Miller without a rebound.
14:53 of 3rd period - Eric Belanger wins face-off versus Marian Hossa in MapleLeafs zone.
14:54 of 3rd period - Shot by Brandon Yip.
14:54 of 3rd period - Stopped by Ryan Miller without a rebound.
14:55 of 3rd period - Mikhail Grabovski wins face-off versus Jason Arnott in MapleLeafs zone.
14:58 of 3rd period - Shot by Jere Lehtinen.
14:58 of 3rd period - Deflect By Mikhail Grabovski.
14:58 of 3rd period - Shot Misses the Net.
15:02 of 3rd period - Shot by Jere Lehtinen.
15:02 of 3rd period - Deflect By Mikhail Grabovski.
15:02 of 3rd period - Shot Blocked by Matt Greene.
15:43 of 3rd period - Minor Penalty to Keith Tkachuk for High sticking.
15:44 of 3rd period - Marian Hossa wins face-off versus Eric Staal in MapleLeafs zone.
15:44 of 3rd period - Marian Hossa is hit by Jamie Benn.
15:55 of 3rd period - Icing by Ryan OByrne.
15:56 of 3rd period - Eric Staal wins face-off versus Marian Hossa in Hurricanes zone.
15:58 of 3rd period - Icing by Jarome Iginla.
15:59 of 3rd period - Marian Hossa wins face-off versus Eric Staal in Hurricanes zone.
16:50 of 3rd period - Shot by Ryan Wilson.
16:50 of 3rd period - Shot Misses the Net.
17:24 of 3rd period - Shot by Eric Staal.
17:24 of 3rd period - Shot Blocked by Matt Greene.
17:48 of 3rd period - Shot by Mikhail Grabovski.
17:48 of 3rd period - Stopped by Ryan Miller without a rebound.
17:49 of 3rd period - Eric Belanger wins face-off versus Joffrey Lupul in MapleLeafs zone.
17:49 of 3rd period - Eric Belanger is hit by Anton Volchenkov.
18:05 of 3rd period - Shot by Sam Gagner.
18:05 of 3rd period - Goal by Sam Gagner - Hurricanes : 2 - MapleLeafs : 6.
18:06 of 3rd period - Mikhail Grabovski wins face-off versus Mike Modano in neutral zone.
18:12 of 3rd period - Icing by Radek Martinek.
18:13 of 3rd period - Mikhail Grabovski wins face-off versus Mike Modano in MapleLeafs zone.
18:16 of 3rd period - Shot by Mikhail Grabovski.
18:16 of 3rd period - Stopped by Ryan Miller without a rebound.
18:17 of 3rd period - Eric Belanger wins face-off versus Vincent Lecavalier in MapleLeafs zone.
18:17 of 3rd period - Eric Belanger is hit by Dan Hamhuis.
18:23 of 3rd period - Shot by Michael Ryder.
18:23 of 3rd period - Stopped by Ryan Miller without a rebound.
18:24 of 3rd period - Mikhail Grabovski wins face-off versus Mike Modano in MapleLeafs zone.
19:01 of 3rd period - Off-side.
19:02 of 3rd period - Vincent Lecavalier wins face-off versus Eric Staal in neutral zone.
19:07 of 3rd period - Icing by Jamie Benn.
19:08 of 3rd period - Jason Arnott wins face-off versus Eric Staal in Hurricanes zone.
19:17 of 3rd period - Shot by Jason Arnott.
19:17 of 3rd period - Shot Misses the Net.
19:21 of 3rd period - Shot by Jason Arnott.
19:21 of 3rd period - Shot Hit the Post.
19:23 of 3rd period - Shot by Anton Volchenkov.
19:23 of 3rd period - Stopped by Pascal Leclaire with a rebound.
19:27 of 3rd period - Shot by Joffrey Lupul.
19:27 of 3rd period - Shot Blocked by Eric Staal.
19:31 of 3rd period - Shot by Sam Gagner.
19:31 of 3rd period - Shot Misses the Net.
19:33 of 3rd period - Shot by Jason Arnott.
19:33 of 3rd period - Shot Misses the Net.
19:35 of 3rd period - Shot by Anton Volchenkov.
19:35 of 3rd period - Stopped by Pascal Leclaire with a rebound.
19:39 of 3rd period - Shot by Sam Gagner.
19:39 of 3rd period - Stopped by Pascal Leclaire without a rebound.
19:40 of 3rd period - Vincent Lecavalier wins face-off versus Derick Brassard in Hurricanes zone.


Output by the SimonT Hockey Simulator (STHS) for Stephane Roy -- Original Page W3C XHTML 1.0 Valid